 Dungeon Crawl Stone Soup version 0.17-a0-1778-gd369669 (webtiles) character file.

20 ololoev the Poker (level 2, -1/24 HPs)
             Began as a Draconian Skald on Sept 8, 2015.
             Slain by Sigmund
             ... wielding a +1 scythe of flaming
              (4 damage)
             ... on level 2 of the Dungeon.
             The game lasted 00:01:20 (841 turns).

ololoev the Poker (Draconian Skald)                  Turns: 841, Time: 00:01:20

Health: -1/24      AC:  4    Str: 19    XL:     2   Next: 58%
Magic:  1/5        EV: 11    Int: 12    God:
Gold:   101        SH:  0    Dex: 10    Spells: 2 memorised, 2 levels left

rFire  . . .     SeeInvis .     a - +0 spear
rCold  . . .     Clarity  .     (armour unavailable)
rNeg   . . .     SustAt   .     (no shield)
rPois  .         Gourm    .     (helmet restricted)
rElec  .         Spirit   .     (no cloak)
rCorr  .         Warding  .     (no gloves)
rMut   .         Stasis   .     (no boots)
MR     .....                    (no amulet)
Stlth  +.........               (no ring)
                                e - +5 ring of strength

@: singing, not resistant to hostile enchantments, very unstealthy
A: unfitting armour, cold-blooded, AC +4
a: Stop Singing


Innate Abilities, Weirdness & Mutations

Your plain brown scales are hard (AC +4).
Your body does not fit into most forms of armour.
You are cold-blooded and may be slowed by cold attacks.

Inventory:

Hand weapons
 a - a +0 spear (weapon)
Jewellery
 e - a +5 ring of strength (left hand)
Scrolls
 d - a scroll of identify {unknown}
 f - a scroll of magic mapping {unknown}
 g - a scroll of remove curse {unknown}
 i - a scroll of recharging {unknown}
 j - a scroll of enchant armour {unknown}
 k - a scroll of enchant weapon {unknown}
 l - a scroll of noise {unknown}
Potions
 h - 3 potions of lignification {unknown}
Books
 b - a book of Battle

   Spells                             Type                      Level
   a - Infusion                       Charms                       1
   b - Shroud of Golubria             Charms/Translocation         2
   c - Song of Slaying                Charms                       2
   d - Spectral Weapon                Hexes/Charms                 3
   e - Regeneration                   Charms/Necromancy            3
Comestibles
 c - a bread ration


   Skills:
 - Level 2.1 Fighting
 + Level 3.2 Polearms
 - Level 1.3 Dodging
 - Level 2.0 Spellcasting
 - Level 2.6 Charms


You had 2 spell levels left.
You knew the following spells:

 Your Spells              Type           Power        Failure   Level  Hunger
a - Infusion              Chrm           #.....       12%         1    ##.....
b - Song of Slaying       Chrm           #.......     14%         2    ###....


You were on level 2 of the Dungeon.
You were not hungry.

You visited 1 branch of the dungeon, and saw 2 of its levels.

You collected 101 gold pieces.

## ### # #.. ##.##.## .#
.... #...#.....#####.##
..... ##.### #...<.....
#._.#.####...########.....
##.##..@)@................
.###...######......#......
......# #####......##.
...... #......## .....
#.#...... .....
........... ....
#..#.##.###. .... ..##.
#.# .. #. #.# .

Notes
Turn   | Place    | Note
--------------------------------------------------------------
     0 | D:1      | ololoev the Draconian Skald began the quest for the Orb.
     0 | D:1      | Reached XP level 1. HP: 17/17 MP: 3/3
   377 | D:1      | Reached XP level 2. HP: 22/24 MP: 5/5
   381 | D:1      | Learned a level 2 spell: Song of Slaying
   525 | D:1      | Reached skill level 3 in Polearms
   826 | D:2      | Found a shadowy altar of Dithmenos.
   829 | D:2      | Noticed Sigmund
   841 | D:2      | Slain by Sigmund

Dungeon Overview and Level Annotations

Branches:
Dungeon (2/15)

Altars:
Dithmenos

Annotations:
D:2 Sigmund


Message History

You barely miss the hobgoblin.
Your tail-slap misses the hobgoblin.
The hobgoblin hits you but does no damage.
You hit the hobgoblin.
The hobgoblin is severely wounded.
Your magical infusion is running out.
The hobgoblin hits you but does no damage.
You hit the hobgoblin!
You kill the hobgoblin!
You hit the worm. You tail-slap the worm.
The worm is heavily wounded.
You puncture the worm!
You kill the worm!
Sigmund closely misses you.
Attack whom?
Press: ? - help, Dir - move target cursor, f - Sigmund
Aim: Sigmund, wielding a scythe of flaming and wearing a robe You reach to attack!
You hit Sigmund.
Sigmund is moderately wounded.
Sigmund gestures at you while chanting. The puff of flame hits you!
Attack whom?
Press: ? - help, Dir - move target cursor, f/p - Sigmund
Aim: Sigmund, wielding a scythe of flaming and wearing a robe (moderately wounded)
You reach to attack!
You hit Sigmund.
Sigmund is moderately wounded.
Attack whom?
Press: ? - help, Dir - move target cursor, f/p - Sigmund
Aim: Sigmund, wielding a scythe of flaming and wearing a robe (moderately wounded)
You reach to attack!
You barely miss Sigmund.
Sigmund is moderately wounded.
You are no longer magically infusing your attacks.
Sigmund barely misses you.
Attack whom?
Press: ? - help, Dir - move target cursor, f/p - Sigmund
Aim: Sigmund, wielding a scythe of flaming and wearing a robe (moderately wounded)
You reach to attack!
You puncture Sigmund!
Sigmund is heavily wounded.
Sigmund hits you from afar with a scythe of flaming!
Sigmund burns you.
You die...

You could see Sigmund.

Vanquished Creatures
  A worm (D:2)
  A giant cockroach (D:1)
  2 hobgoblins
  A bat (D:1)
  4 goblins (D:1)
  5 kobolds (D:1)
  5 rats (D:1)
19 creatures vanquished.

Action                   || total
-------------------------++-------
Melee: Spear             ||    73
 Cast: Infusion          ||     1
       Song of Slaying   ||     1

Vault maps used:
D:1:      sevenhm_arrival_forest_fort_small_3
D:2:      lemuel_doored_altar, nicolae_dithmenos_through_a_glass_darkly,
          uniq_terence, uniq_sigmund
